 Dungeon Crawl Stone Soup version 0.26-a0-852-g6321bf7485 (webtiles) character file.

Game seed: 7646964597341566066

17502 robertstho the Frost Mage (level 12, -3/91 HPs)
             Began as a Gnoll Ice Elementalist on Nov 21, 2020.
             Was a High Priest of Vehumet.
             Slain by a warg (17 damage)
             ... on level 1 of the Orcish Mines.
             The game lasted 00:32:35 (13884 turns).

robertstho the Frost Mage (Gnoll Ice Elementalist) Turns: 13884, Time: 00:32:36

Health: -3/91      AC: 13    Str: 10    XL:     12   Next: 48%
Magic:  15/25      EV: 20    Int: 24    God:    Vehumet [*****.]
Gold:   589        SH:  0    Dex: 21    Spells: 4/29 levels left

rFire    + . .     SeeInvis +   A - +3 trident (venom)
rCold    + . .     Faith    .   (no shield)
rNeg     . . .     Spirit   .   L - +2 robe {rC+ rF+}
rPois    +         Reflect  .   x - +0 helmet {SInv}
rElec    .         Harm     .   G - +2 cloak {MR+}
rCorr    .         Rampage  .   t - +0 pair of gloves
MR       +....                  O - +2 pair of boots
Stlth    ++++......             (no amulet)
HPRegen  0.25/turn              C - +6 ring of dexterity
MPRegen  0.19/turn              m - ring of poison resistance

@: frozen ramparts, lightly drained
A: distributed training, fangs 1, strong nose
a: Renounce Religion


You were on level 1 of the Orcish Mines.
You worshipped Vehumet.
Vehumet was extremely pleased with you.
You visited 4 branches of the dungeon, and saw 15 of its levels.

You collected 1249 gold pieces.
You spent 660 gold pieces at shops.

Inventory:

Hand Weapons
 d - a +3 short sword of electrocution
 A - a +3 trident of venom (weapon)
 B - a +0 morningstar of holy wrath
Missiles
 w - 35 poisoned darts (quivered)
Armour
 n - a +0 troll leather armour {Purgy}
 t - a +0 pair of gloves (worn)
 x - a +0 helmet of see invisible (worn)
 G - a +2 cloak of magic resistance (worn)
 L - a +2 robe of resistance (worn)
 O - a +2 pair of boots (worn)
Jewellery
 g - an uncursed ring of protection from magic
 m - a ring of poison resistance (right hand)
 z - an uncursed ring of flight
 C - a +6 ring of dexterity (left hand)
 F - an uncursed ring of protection from fire
 I - an uncursed amulet of reflection {unknown}
 M - an uncursed ring of fire {unknown}
Wands
 y - a wand of disintegration (11)
Scrolls
 b - a scroll of noise {unknown}
 h - 6 scrolls of remove curse
 i - 4 scrolls of teleportation
 j - a scroll of fear {unknown}
 k - 5 scrolls of enchant weapon
 o - a scroll of random uselessness {unknown}
 p - 2 scrolls of immolation {unknown}
 r - 2 scrolls of fog {unknown}
 D - a scroll of enchant armour {unknown}
 K - a scroll of amnesia {unknown}
Potions
 a - a potion of experience {unknown}
 c - a potion of ambrosia {unknown}
 e - a potion of cancellation {unknown}
 f - 3 potions of curing
 l - 2 potions of invisibility
 q - 4 potions of flight {unknown}
 s - 2 potions of might
 u - 2 potions of magic
 v - 3 potions of brilliance
 E - a potion of lignification
 H - a potion of mutation
 N - a potion of haste
Miscellaneous
 J - a phantom mirror


   Skills:
 + Level 7.3 Fighting
 + Level 7.3 Short Blades
 + Level 7.3 Long Blades
 + Level 7.3 Axes
 + Level 7.3 Maces & Flails
 + Level 7.3 Polearms
 + Level 7.3 Staves
 + Level 7.3 Slings
 + Level 7.3 Bows
 + Level 7.3 Crossbows
 + Level 7.3 Throwing
 + Level 7.3 Armour
 + Level 8.7 Dodging
 + Level 8.5 Stealth
 + Level 7.3 Shields
 + Level 7.3 Unarmed Combat
 + Level 9.0(8.9) Spellcasting
 + Level 6.1(6.0) Conjurations
 + Level 6.1(6.0) Hexes
 + Level 6.1(6.0) Summonings
 + Level 6.1(6.0) Necromancy
 + Level 6.1(6.0) Translocations
 + Level 6.1(6.0) Transmutations
 + Level 6.1(6.0) Fire Magic
 + Level 9.4 Ice Magic
 + Level 6.1(6.0) Air Magic
 + Level 6.1(6.0) Earth Magic
 + Level 6.1(6.0) Poison Magic
 + Level 8.0 Invocations
 + Level 7.3 Evocations


You had 4 spell levels left.
You knew the following spells:

 Your Spells              Type           Power        Failure   Level
a - Freeze                Ice            ####         1%          1
b - Frozen Ramparts       Ice            ######       1%          3
c - Ozocubu's Armour      Ice            ######..     1%          3
d - Hailstorm             Conj/Ice       #####...     1%          4
e - Summon Ice Beast      Ice/Summ       #####...     2%          4
f - Searing Ray           Conj           #####.       1%          2
g - Conjure Flame         Conj/Fire      #####...     1%          3
h - Fireball              Conj/Fire      #####.....   4%          5

Your spell library contained the following spells:

 Spells                   Type           Power        Failure   Level
 Magic Dart               Conj           ####         1%          1
 Dazzling Flash           Conj/Hex       #####.       1%          3
 Spider Form              Tmut/Pois      #####.....   1%          3
 Fulminant Prism          Conj/Hex       #####.....   1%          4
 Iskenderun's Mystic Bla  Conj/Tloc      #####...     1%          4
 Olgreb's Toxic Radiance  Pois           #####...     1%          4
 Ozocubu's Refrigeration  Ice            ######....   5%          6
 Eringya's Noxious Bog    Tmut/Pois      #####.....   58%         6


Dungeon Overview and Level Annotations

Branches:
Dungeon (10/15)            Temple (1/1) D:4            Lair (2/6) D:8
    Orc (2/2) D:9
  Swamp: Lair:2-4    Shoals: Lair:2-4     Snake: Lair:2-4    Spider: Lair:2-4
    Elf: Orc:2

Altars:
Ashenzari
Cheibriados
Dithmenos
Elyvilon
Fedhas
Gozag
Hepliaklqana
Kikubaaqudgha
Makhleb
Nemelex Xobeh
Okawaru
Qazlal
Ru
Sif Muna
Trog
Uskayaw
Vehumet
Wu Jian
Xom
Yredelemnul
Zin
The Shining One
Beogh

Shops:
D:4 [   D:5 !   D:7 =   D:8 [   Orc:2 :

Annotations:
D:5 potion shop


Innate Abilities, Weirdness & Mutations

Your experience applies equally to all skills.
You have very sharp teeth.
Your uncanny sense of smell can sniff out nearby items.


Message History

Confirm with . or Enter, or press ? or * to list all spells.
A chill wind blows around you.
The warg howls!
The wall freezes the orc warrior.
The orc warrior hits you with a +0 scimitar!!
* * * LOW HITPOINT WARNING * * *
You feel better.
The wall freezes the warg.
The wall freezes the warg!
The wall freezes the orc warrior.
Your ice beast hits the orc warrior but does no damage.
The warg barely misses your ice beast.
The orc warlord resists.
The wall freezes the orc warlord.
The orc warrior closely misses you.
Your ice beast hits the orc warrior but does no damage.
The warg bites your ice beast!
The orc warlord resists.
The wall freezes the orc warlord.
The warg closely misses you.
Your ice beast barely misses the orc warrior.
Casting: Summon Ice Beast (dangerous; 2% risk of failure)
Confirm with . or Enter, or press ? or * to list all spells.
A chill wind blows around you. The warg bites your ice beast!
The wall freezes the troll!
The warg bites you!
You die...

##............#....#....
##......................
#.......................
##.##.ooo...............
###..hT........#....#...
##....o..#.....##.#..#...
#.....#####....#......#..
##.#.##.##..#.###........
##...Too@....##..........
#....h.h.Y...............
##.##.Y......##..##....##
####...................#
##...................
##.............#)...
#...............#[##
#..........)....[...
##..................


You could see an orc warlord, a troll, 2 wargs, an orc warrior (strong) and 2
friendly ice beasts.

Vanquished Creatures
  A hydra (Lair:1)
  An orc high priest (Orc:1)
  The ghost of robertstho the Cleaver, a novice DDFi of Elyvilon (D:8)
  Pikel (D:9)
  An orc sorcerer (Orc:1)
  A deep elf mage (D:7)
  A cyclops (D:7)
  An ugly thing (D:7)
  A centaur zombie (D:9)
  5 cane toads (Lair:1)
  A rime drake (Lair:1)
  3 trolls
  3 blink frogs (Lair:1)
  Prince Ribbit (D:5)
  Sigmund (D:3)
  2 yaks (Lair:1)
  A vampire (D:7)
  A steam dragon (D:10)
  A warg (Orc:2)
  2 water moccasins
  Purgy (D:3)
  13 orc warriors
  2 sky beasts
  2 ice beasts
  A phantom (D:7)
  7 wolves
  8 ogres
  4 centaurs
  4 lemures (D:9)
  2 big kobolds
  Blork the orc (D:4)
  7 bullfrogs
  A gnoll sergeant (D:10)
  2 water moccasin skeletons
  2 scorpions (D:7)
  8 killer bees
  10 wights
  2 howler monkeys
  An electric eel (D:7)
  A bullfrog zombie (D:10)
  2 quasits
  8 hounds
  16 orc priests
  A centaur skeleton (D:4)
  7 jellies
  2 bullfrog skeletons
  3 iguanas
  Ijyb (D:3)
  16 orc wizards
  7 worker ants
  Terence (D:3)
  A hound skeleton (D:4)
  9 gnolls
  5 adders
  A shadow imp (D:9)
  3 white imps
  An ufetubus (D:2)
  6 oozes
  3 adder skeletons
  An adder zombie (D:7)
  A worm (D:2)
  2 dart slugs (D:3)
  5 leopard geckos
  53 orcs
  3 ball pythons
  4 bats
  5 giant cockroaches
  3 goblins
  5 hobgoblins
  15 jackals
  10 kobolds
  7 quokkas
  4 frilled lizards
  A quokka skeleton (D:4)
  5 rats
326 creatures vanquished.

Vanquished Creatures (collateral kills)
  An ugly thing (D:10)
  Maurice (D:9)
  A centaur skeleton (D:10)
  A cane toad (Lair:1)
  2 trolls
  4 slime creatures (D:9)
  2 yaks (Lair:1)
  An orc warrior (D:10)
  A phantom (D:10)
  A necrophage (D:8)
  2 centaurs
  A big kobold (D:8)
  A gnoll sergeant (D:9)
  4 electric eels (D:8)
  A bullfrog zombie (D:10)
  2 hounds (D:8)
  2 orc wizards (Orc:1)
  A killer bee zombie (D:7)
  A gnoll (D:10)
  An adder (D:10)
  8 orcs
  A jackal (D:9)
  4 kobolds
  A ball python (D:8)
45 creatures vanquished.

Vanquished Creatures (others)
  2 orcs
  18 fungi
  3 plants
23 creatures vanquished.

Grand Total: 394 creatures vanquished

Notes
Turn   | Place    | Note
-------+----------+-------------------------------------------
     0 | D:1      | robertstho the Gnoll Ice Elementalist began the quest for
                  | the Orb.
     0 | D:1      | Reached XP level 1. HP: 13/13 MP: 6/6
   167 | D:1      | Reached XP level 2. HP: 19/19 MP: 7/7
   473 | D:2      | Reached XP level 3. HP: 15/25 MP: 9/9
   478 | D:2      | Learned a level 3 spell: Frozen Ramparts
   482 | D:2      | Learned a level 3 spell: Ozocubu's Armour
   716 | D:2      | Reached skill level 5 in Spellcasting
  1096 | D:2      | Reached skill level 1 in Invocations
  1175 | D:3      | Noticed Terence
  1178 | D:3      | Killed Terence
  1179 | D:3      | Reached skill level 1 in Fighting
  1179 | D:3      | Reached skill level 1 in Short Blades
  1179 | D:3      | Reached skill level 1 in Long Blades
  1179 | D:3      | Reached skill level 1 in Axes
  1179 | D:3      | Reached skill level 1 in Maces & Flails
  1179 | D:3      | Reached skill level 1 in Polearms
  1179 | D:3      | Reached skill level 1 in Staves
  1179 | D:3      | Reached skill level 1 in Slings
  1179 | D:3      | Reached skill level 1 in Bows
  1179 | D:3      | Reached skill level 1 in Crossbows
  1179 | D:3      | Reached skill level 1 in Throwing
  1179 | D:3      | Reached skill level 1 in Armour
  1179 | D:3      | Reached skill level 1 in Shields
  1179 | D:3      | Reached skill level 1 in Unarmed Combat
  1179 | D:3      | Reached skill level 1 in Evocations
  1179 | D:3      | Reached XP level 4. HP: 32/32 MP: 11/11
  1187 | D:3      | Learned a level 4 spell: Hailstorm
  1198 | D:3      | Found an iron altar of Okawaru.
  1240 | D:3      | Reached skill level 1 in Conjurations
  1240 | D:3      | Reached skill level 1 in Hexes
  1240 | D:3      | Reached skill level 1 in Summonings
  1240 | D:3      | Reached skill level 1 in Necromancy
  1240 | D:3      | Reached skill level 1 in Translocations
  1240 | D:3      | Reached skill level 1 in Transmutations
  1240 | D:3      | Reached skill level 1 in Fire Magic
  1240 | D:3      | Reached skill level 1 in Air Magic
  1240 | D:3      | Reached skill level 1 in Earth Magic
  1240 | D:3      | Reached skill level 1 in Poison Magic
  1379 | D:3      | Noticed Ijyb
  1382 | D:3      | Paralysed by Ijyb for 2 turns
  1386 | D:3      | Killed Ijyb
  1387 | D:3      | Reached XP level 5. HP: 37/37 MP: 8/12
  1609 | D:3      | Noticed Purgy
  1617 | D:3      | Killed Purgy
  1618 | D:3      | Reached XP level 6. HP: 33/44 MP: 9/13
  1720 | D:3      | Found a blossoming altar of Fedhas.
  1788 | D:3      | Noticed Sigmund
  1796 | D:3      | Killed Sigmund
  1797 | D:3      | Reached skill level 5 in Dodging
  1858 | D:3      | Learned a level 4 spell: Summon Ice Beast
  2208 | D:4      | Noticed Blork the orc
  2219 | D:4      | Killed Blork the orc
  2220 | D:4      | Reached XP level 7. HP: 33/50 MP: 11/15
  2270 | D:4      | Found a staircase to the Ecumenical Temple.
  2332 | Temple   | Entered the Ecumenical Temple
  2479 | Temple   | Became a worshipper of Vehumet
  2790 | D:4      | Found an opulent altar of Gozag.
  2941 | D:4      | Found Goicinki's Armour Shop.
  2949 | D:4      | Bought a +0 helmet of see invisible for 149 gold pieces
  3248 | D:5      | Entered Level 5 of the Dungeon
  3274 | D:5      | Reached skill level 5 in Stealth
  3295 | D:5      | Noticed Prince Ribbit
  3304 | D:5      | Killed Prince Ribbit
  3305 | D:5      | Reached XP level 8. HP: 27/57 MP: 8/16
  3429 | D:5      | Found a shimmering altar of Xom.
  3775 | D:5      | Found Goerym's Distillery.
  3779 | D:5      | Bought a potion of curing for 33 gold pieces
  3779 | D:5      | Bought a potion of degeneration for 11 gold pieces
  3779 | D:5      | Bought a potion of berserk rage for 55 gold pieces
  4296 | D:6      | Found a shadowy altar of Dithmenos.
  4296 | D:6      | Found a sparkling altar of Nemelex Xobeh.
  4298 | D:6      | Found a shimmering blue altar of Sif Muna.
  4298 | D:6      | Found a snail-covered altar of Cheibriados.
  4298 | D:6      | Found a bloodstained altar of Trog.
  4514 | D:6      | Reached * piety under Vehumet
  4514 | D:6      | Offered knowledge of Sandblast by Vehumet.
  4845 | D:7      | Found Lotumn's Jewellery Boutique.
  4883 | D:7      | Learned a level 2 spell: Searing Ray
  4953 | D:7      | Reached XP level 9. HP: 65/65 MP: 16/18
  5026 | D:7      | Noticed a cyclops
  5041 | D:7      | Killed a cyclops
  5108 | D:7      | Noticed a deep elf mage
  5134 | D:7      | Reached skill level 5 in Invocations
  5247 | D:7      | Noticed a brown ugly thing
  5259 | D:7      | Killed a brown ugly thing
  5377 | D:7      | Identified the Papyrus of the Frostbite and Poisoning
  5398 | D:7      | Reached XP level 10. HP: 73/73 MP: 17/20
  5442 | D:7      | Killed a deep elf mage
  5443 | D:7      | Reached skill level 5 in Fighting
  5443 | D:7      | Reached skill level 5 in Short Blades
  5443 | D:7      | Reached skill level 5 in Long Blades
  5443 | D:7      | Reached skill level 5 in Axes
  5443 | D:7      | Reached skill level 5 in Maces & Flails
  5443 | D:7      | Reached skill level 5 in Polearms
  5443 | D:7      | Reached skill level 5 in Staves
  5443 | D:7      | Reached skill level 5 in Slings
  5443 | D:7      | Reached skill level 5 in Bows
  5443 | D:7      | Reached skill level 5 in Crossbows
  5443 | D:7      | Reached skill level 5 in Throwing
  5443 | D:7      | Reached skill level 5 in Armour
  5443 | D:7      | Reached skill level 5 in Shields
  5443 | D:7      | Reached skill level 5 in Unarmed Combat
  5443 | D:7      | Reached skill level 5 in Evocations
  5610 | D:7      | Reached ** piety under Vehumet
  5667 | D:7      | Offered knowledge of Shock by Vehumet.
  6448 | D:8      | Found a staircase to the Lair.
  6690 | D:8      | Found Byatism's Antique Armour Shoppe.
  6961 | D:8      | Found a large runed translucent door.
  6961 | D:8      | Found a large runed translucent door.
  6963 | D:8      | Noticed robertstho's ghost (novice DDFi)
  7114 | D:8      | Offered knowledge of Conjure Flame by Vehumet.
  7145 | D:8      | Learned a level 3 spell: Conjure Flame
  7236 | D:8      | Reached *** piety under Vehumet
  7537 | D:8      | Killed robertstho's ghost
  7739 | D:9      | Noticed Pikel
  7754 | D:9      | Killed Pikel
  7874 | D:9      | Reached XP level 11. HP: 45/81 MP: 22/22
  7938 | D:9      | Offered knowledge of Stone Arrow by Vehumet.
  8074 | D:9      | Found a sacrificial altar of Ru.
  8181 | D:9      | Noticed Maurice
  8183 | D:9      | Found a staircase to the Orcish Mines.
  8187 | D:9      | Paralysed by Maurice for 4 turns
  8200 | D:9      | Reached **** piety under Vehumet
  8210 | D:9      | Killed Maurice
  8211 | D:9      | Reached skill level 5 in Conjurations
  8211 | D:9      | Reached skill level 5 in Hexes
  8211 | D:9      | Reached skill level 5 in Summonings
  8211 | D:9      | Reached skill level 5 in Necromancy
  8211 | D:9      | Reached skill level 5 in Translocations
  8211 | D:9      | Reached skill level 5 in Transmutations
  8211 | D:9      | Reached skill level 5 in Fire Magic
  8211 | D:9      | Reached skill level 5 in Air Magic
  8211 | D:9      | Reached skill level 5 in Earth Magic
  8211 | D:9      | Reached skill level 5 in Poison Magic
  8429 | D:9      | Offered knowledge of Mephitic Cloud by Vehumet.
  9062 | D:10     | Entered Level 10 of the Dungeon
  9438 | D:10     | Found a shimmering altar of Xom.
  9827 | D:10     | Noticed a green ugly thing
  9843 | D:10     | Killed a green ugly thing
  9862 | D:10     | Reached ***** piety under Vehumet
  9865 | D:10     | Offered knowledge of Fireball by Vehumet.
 10480 | Lair:1   | Entered Level 1 of the Lair of Beasts
 10487 | Lair:1   | Learned a level 5 spell: Fireball
 11178 | Lair:1   | Reached XP level 12. HP: 81/89 MP: 14/24
 11712 | Lair:1   | Noticed a six-headed hydra
 11722 | Lair:1   | Killed a six-headed hydra
 12241 | D:5      | Bought a potion of invisibility for 88 gold pieces
 12241 | D:5      | Bought a potion of haste for 110 gold pieces
 12374 | D:4      | Bought a +2 pair of boots for 214 gold pieces
 12578 | Orc:1    | Entered Level 1 of the Orcish Mines
 12859 | Orc:1    | Found a roughly hewn altar of Beogh.
 13306 | Orc:2    | Entered Level 2 of the Orcish Mines
 13306 | Orc:2    | Noticed an orc high priest
 13306 | Orc:2    | Noticed an orc warlord
 13309 | Orc:2    | Noticed a sun demon
 13328 | Orc:1    | Killed an orc high priest
 13431 | Orc:2    | Found Cexe's Book Shop.
 13490 | Orc:2    | Noticed an orc high priest
 13863 | Orc:2    | Noticed an orc high priest
 13884 | Orc:1    | Slain by a warg

Illustrated notes

Levels and vault maps discovered:
D:1:      roderic_chinese_lattice_arrival, layout_basic
D:2:      layout_loops_cross, minmay_misc_feat_tower,
          chequers_serial_rivers_large_a
D:3:      minmay_razor_zed, layout_rooms, okawaru_metal_pillars_1_2,
          lemuel_coloured_pillars_altar, uniq_sigmund, uniq_ijyb, uniq_purgy,
          uniq_terence
D:4:      layout_loops_ring, grunt_gozag_statues, minmay_temple_entry_waves,
          serial_shops, shop, uniq_blork_the_orc
D:5:      layout_basic, overflow_temple_1_default, serial_shops,
          nicolae_shop_crystal, uniq_prince_ribbit1
D:6:      layout_basic, grunt_temple_overflow_open, st_stairs_14
D:7:      minmay_the_grid_triangle_9x9_recursive_2
          [minmay_the_grid_triangle_9x9_prize_center,
          minmay_the_grid_triangle_9x9_semitri,
          minmay_the_grid_triangle_9x9_alien,
          minmay_the_grid_triangle_9x9_steps], layout_rooms, serial_shops, shop,
          water_boxes_lemuel
D:8:      layout_basic, erik_lair_island, ebering_ghost_disaster_area,
          kennysheep_windowed_goal
D:9:      layout_irregular_city, orc_david_3, basic_altar,
          hangedman_little_slice_of_home, uniq_maurice, uniq_pikel
D:10:     layout_irregular_city, xom_confusion_cloud
Temple:   dshaligram_water_room_temple
Lair:1:   layout_cave_pods, grunt_megastairs_5
Lair:2:   layout_small_grid
Orc:1:    layout_caves, mines1_david
Orc:2:    grunt_orc_gardens, layout_diamond_mine, grunt_orc_garden,
          grunt_orc_garden, grunt_orc_garden, grunt_orc_garden, serial_shops,
          shop

Skill      XL: |  1  2  3  4  5  6  7  8  9 10 11 12 |
---------------+-------------------------------------+-----
Spellcasting   | 5 6 7 8 9 |  9.0
Invocations    | 1 2 3 4 5 6 7 8 |  8.0
Fighting       | 1 2 3 4 5 6 7 |  7.3
Short Blades   | 1 2 3 4 5 6 7 |  7.3
Long Blades    | 1 2 3 4 5 6 7 |  7.3
Axes           | 1 2 3 4 5 6 7 |  7.3
Maces & Flails | 1 2 3 4 5 6 7 |  7.3
Polearms       | 1 2 3 4 5 6 7 |  7.3
Staves         | 1 2 3 4 5 6 7 |  7.3
Slings         | 1 2 3 4 5 6 7 |  7.3
Bows           | 1 2 3 4 5 6 7 |  7.3
Crossbows      | 1 2 3 4 5 6 7 |  7.3
Throwing       | 1 2 3 4 5 6 7 |  7.3
Armour         | 1 2 3 4 5 6 7 |  7.3
Shields        | 1 2 3 4 5 6 7 |  7.3
Unarmed Combat | 1 2 3 4 5 6 7 |  7.3
Evocations     | 1 2 3 4 5 6 7 |  7.3
Conjurations   | 1 2 3 4 5 6 |  6.1
Hexes          | 1 2 3 4 5 6 |  6.1
Summonings     | 1 2 3 4 5 6 |  6.1
Necromancy     | 1 2 3 4 5 6 |  6.1
Translocations | 1 2 3 4 5 6 |  6.1
Transmutations | 1 2 3 4 5 6 |  6.1
Fire Magic     | 1 2 3 4 5 6 |  6.1
Air Magic      | 1 2 3 4 5 6 |  6.1
Earth Magic    | 1 2 3 4 5 6 |  6.1
Poison Magic   | 1 2 3 4 5 6 |  6.1
Dodging        | 5 6 7 8 |  8.7
Stealth        | 5 6 7 8 |  8.5
Ice Magic      | 8 9 |  9.4

Action                   |  1- 3 |  4- 6 |  7- 9 | 10-12 || total
-------------------------+-------+-------+-------+-------++-------
Melee: Short sword       |    50 |    48 |   124 |    25 ||   247
       Bite              |     3 |     4 |    10 |    37 ||    54
       Punch             |       |       |     2 |    11 ||    13
       Trident           |       |       |       |   180 ||   180
       Morningstar       |       |       |       |    58 ||    58
 Cast: Freeze            |     4 |       |     1 |     7 ||    12
       Frozen Ramparts   |       |     6 |    23 |    78 ||   107
       Hailstorm         |       |       |     2 |    40 ||    42
       Summon Ice Beast  |       |       |     7 |    56 ||    63
       Searing Ray       |       |       |     3 |       ||     3
       Fireball          |       |       |       |     7 ||     7
 Abil: Evoke Flight      |       |       |       |     2 ||     2
  Use: Scroll            |       |       |     6 |     7 ||    13
       Potion            |       |       |     2 |     2 ||     4
 Stab: Sleeping          |    13 |     6 |     5 |     2 ||    26
       Distracted        |       |       |     2 |     5 ||     7
Armor: Robe              |    10 |     1 |       |    10 ||    21
       Troll leather arm |       |     3 |    27 |    69 ||    99
Dodge: Dodged            |    33 |    17 |    79 |   362 ||   491

Table legend: (Time is in decaauts)
 A = Elapsed time spent in this place.
 B = Non-inter-level travel time spent in this place.
 C = Inter-level travel time spent in this place.
 D = Time resting spent in this place.
 E = Time spent auto-exploring this place.
 F = Levels seen in this place.
 G = Mean time per level.
                   A        B        C        D        E       F      G
               +--------+--------+--------+--------+--------+-----+--------+
         Total |  13918 |  12936 |    982 |   1593 |   8607 |  15 |  927.9 |
       Dungeon |  10784 |   9946 |    838 |    718 |   6969 |  10 | 1078.4 |
        Temple |    163 |    147 |     16 |      0 |    109 |   1 |  163.0 |
          Lair |   1661 |   1583 |     78 |    481 |    898 |   2 |  830.5 |
  Orcish Mines |   1308 |   1258 |     50 |    394 |    631 |   2 |  654.0 |
               +--------+--------+--------+--------+--------+-----+--------+

Top non-repeatable levels by time:
  Lair:1: 1640 daAuts
     D:7: 1599 daAuts
     D:9: 1443 daAuts
    D:10: 1393 daAuts
     D:8: 1303 daAuts
   Orc:1: 1288 daAuts
     D:4: 1100 daAuts
     D:3: 1008 daAuts
     D:5: 934 daAuts
     D:6: 815 daAuts
     D:2: 725 daAuts
     D:1: 462 daAuts
  Temple: 163 daAuts
  Lair:2: 21 daAuts
   Orc:2: 19 daAuts
